 Dungeon Crawl Stone Soup version 0.30.0-10-gfe55d96785 (webtiles) character file.

Game seed: 13444263039764579522

4014 retardedninja the Magician (level 10, 0/105 (111) HPs)
             Began as a Gnoll Fire Elementalist on May 15, 2023.
             Was a Believer of Cheibriados.
             Slain by Psyche
             ... wielding a +2 dagger of chaos
              (7 damage)
             ... on level 9 of the Dungeon.
             The game lasted 00:12:51 (11114 turns).

retardedninja the Magician (GnFE)                  Turns: 11114, Time: 00:12:52

HP:   0/105 (111)   AC:  0    Str: 13    XL:     10   Next: 23%
MP:   21/21         EV: 26    Int: 24    God:    Cheibriados [**....]
Gold: 552           SH:  0    Dex: 22    Spells: 13/23 levels left

rFire   . . .        u - melded +3 halberd (venom)
rCold   . . .        (shield currently unavailable)
rNeg    . . .        a - melded +1 robe
rPois   .            q - melded +2 helmet of the Rose {Harm +Inv Int+5}
rElec   .            (cloak currently unavailable)
rCorr   .            (gloves currently unavailable)
SInv    .            s - melded +0 pair of boots
Will    .....        (no amulet) Stlth
                     d - melded ring of protection from fire
HPRegen 0.37/turn    t - melded ring of fire
MPRegen 0.17/turn

%: no passive effects
@: berserking, bat-form, flying, drained
A: fast, flying, no casting, tiny, (fangs 1), strong nose, distributed training
a: Renounce Religion, Bend Time


You were on level 9 of the Dungeon.
You worshipped Cheibriados.
Cheibriados was pleased with you.
You were a bat.
You visited 2 branches of the dungeon, and saw 10 of its levels.

You collected 552 gold pieces.

Inventory:

Hand Weapons
 u - a +3 halberd of venom (melded)
Missiles
 z - 2 throwing nets
Armour
 a - a +1 robe (melded)
 q - the +2 helmet of the Rose (melded) {Harm +Inv Int+5}
   (You found it on level 3 of the Dungeon)

   Int:       It affects your intelligence (+5).
   +Inv:      It lets you turn invisible.
   Harm:      It increases damage dealt and taken.
 s - a +0 pair of boots (melded)
Jewellery
 d - a ring of protection from fire (melded)
 t - a ring of fire (melded)
Wands
 n - a wand of paralysis (18)
 y - a wand of light (8)
 B - a wand of flame (30)
Scrolls
 e - 5 scrolls of amnesia
 g - a scroll of torment {unknown}
 j - a scroll of magic mapping {unknown}
 l - 2 scrolls of teleportation
 m - 2 scrolls of immolation {unknown}
 p - a scroll of vulnerability {unknown}
 D - a scroll of identify
Potions
 b - 3 potions of magic
 c - 6 potions of curing
 f - a potion of might {unknown}
 k - a potion of flight
 o - 2 potions of resistance
 r - 2 potions of cancellation
 v - a potion of mutation
 w - a potion of attraction {unknown}
 A - a potion of brilliance {unknown}
 C - a potion of degeneration {unknown}


   Skills:
 + Level 5.2 Fighting
 + Level 5.2 Short Blades
 + Level 5.2 Long Blades
 + Level 5.2 Axes
 + Level 5.2 Maces & Flails
 + Level 5.2 Polearms
 + Level 5.2 Staves
 + Level 5.2 Ranged Weapons
 + Level 5.2 Throwing
 + Level 5.2 Armour
 + Level 7.1 Dodging
 + Level 6.8 Stealth
 + Level 5.2 Shields
 + Level 5.2 Unarmed Combat
 + Level 7.3 Spellcasting
 + Level 4.9 Conjurations
 + Level 4.3 Hexes
 + Level 4.3 Summonings
 + Level 4.3 Necromancy
 + Level 4.3 Translocations
 + Level 4.3 Transmutations
 + Level 7.1 Fire Magic
 + Level 4.3 Ice Magic
 + Level 4.3 Air Magic
 + Level 4.3 Earth Magic
 + Level 4.3 Poison Magic
 + Level 5.8 Invocations
 + Level 5.2 Evocations


You had 13 spell levels left.
You knew the following spells:

 Your Spells              Type           Power      Damage    Failure   Level
a - Foxfire               Conj/Fire      100%       2x1d9     1%          1
b - Scorch                Fire           84%        2d9       1%          2
c - Flame Wave            Conj/Fire      37%        2d10      6%          4
d - Inner Flame           Hex/Fire       36%        N/A       1%          3

Your spell library contained the following spells:

 Spells                   Type           Power      Damage    Failure   Level
 Beastly Appendage        Tmut           58%        N/A       1%          1
 Kiss of Death            Conj/Necr      100%       2d13      1%          1
 Slow                     Hex            100%       N/A       1%          1
 Cigotuvi's Dreadful Rot  Necr/Pois/Air  58%        N/A       1%          2
 Wereblood                Tmut           29%        N/A       1%          2
 Volatile Blastmotes      Fire/Tloc      72%        2d16      1%          3
 Ignite Poison            Fire/Tmut/Pois 34%        N/A       2%          3
 Confusing Touch          Hex            29%        N/A       3%          3
 Spider Form              Tmut/Pois      29%        N/A       3%          3
 Vampiric Draining        Necr           29%        2d8       3%          3
 Vhi's Electric Charge    Tloc/Air       58%        N/A       3%          3
 Animate Dead             Necr           29%        N/A       12%         4
 Dispel Undead            Necr           29%        3d13      12%         4
 Arcjolt                  Conj/Air       15%        1d25      28%         5
 Freezing Cloud           Conj/Ice/Air   15%        6-21      30%         5
 Borgnjor's Vile Clutch   Necr/Erth      14%        N/A       32%         5
 Death Channel            Necr           14%        N/A       87%         6
 Maxwell's Capacitive Co  Air            14%        ∞         100%        8


Dungeon Overview and Level Annotations

Branches:
Dungeon (9/15)             Temple (1/1) D:5
   Lair: D:8-11         Orc: D:9-12

Altars:
Ashenzari
Cheibriados
Dithmenos
Elyvilon
Fedhas
Gozag
Hepliaklqana
Kikubaaqudgha
Makhleb
Nemelex Xobeh
Okawaru
Qazlal
Ru
Trog
Uskayaw
Vehumet
Wu Jian
Xom
Yredelemnul
Zin
The Shining One

Shops:
D:1 =   D:6 *

Annotations:
D:6 1 runed translucent door, Crazy Yiuf
D:9 Psyche


Innate Abilities, Weirdness & Mutations

You are a bat.
You are tiny and dextrous.
You move quickly.
You are flying.
Your equipment is almost entirely melded.
You are incapable of wielding weapons or throwing items.
You cannot cast spells.
((You have very sharp teeth.))
Your uncanny sense of smell can sniff out nearby items.
Your experience applies equally to all skills.


Message History

You feel sick.
You are no longer poisoned.
The orc misses you.
There is a stone staircase leading up here.
The orc attacks as you move away! The orc misses you. Something hits you!
* * * LOW HITPOINT WARNING * * *
A red film seems to cover your vision as you go berserk!
Cheibriados protects you from inadvertent hurry.
You feel mighty!
Deactivating autopickup; reactivate with Ctrl-A.
Unknown command.
You hit the orc.
The orc is severely wounded.
You hear some strange, mumbled words.
A swirling arc of seething chaos appears!
An arc of chaos appears from out of thin air!
The arc of chaos hits you.
You feel drained.
* * * LOW HITPOINT WARNING * * *
The arc of chaos hits the orc.
The orc dies!
Something misses you. Something hits you!
* * * LOW HITPOINT WARNING * * *
There is a stone staircase leading up, spattered with blood here.
Things that are here:
a +0 club; a +0 ring mail; an orc corpse Unknown command.
You hit something. Something hits you!
* * * LOW HITPOINT WARNING * * *
You bite something!
You hear some strange, mumbled words.
You hit something.
You hear some strange, mumbled words.
A swirling arc of seething chaos appears!
An arc of chaos appears from out of thin air!
The arc of chaos hits you.
* * * LOW HITPOINT WARNING * * *
You hit something.
You hear some strange, mumbled words.
You closely miss something. Something hits you!
You die...

.# )# .# # #######
#.....# ############
#.....#
.......K...####.b...#
..########....(.{...#
#.# ######.....# #.#
#.....# #.# #..<..#
#.# ###.### #.# #.#
#.# #.# #.. ..


There were no monsters in sight!

Vanquished Creatures
  An ugly thing (D:9)
  Sigmund (D:6)
  2 wyverns
  Menkaure (D:5)
  4 water moccasins
  3 orc warriors
  A black bear (D:5)
  2 ogres
  A phantom (D:5)
  Blork the orc (D:4)
  3 kobold brigands
  3 bullfrogs
  4 scorpions
  A gnoll sergeant (D:8)
  A wight (D:6)
  5 killer bees (D:8)
  2 howler monkeys
  3 quasits
  A hound (D:4)
  4 jellies
  3 orc priests
  3 iguanas
  4 orc wizards
  2 sleepcaps (D:7)
  6 gnolls
  7 adders
  2 shadow imps (D:5)
  3 white imps
  An ufetubus (D:5)
  2 worms
  7 dart slugs
  14 orcs
  6 ball pythons
  8 bats
  12 endoplasms
  5 giant cockroaches
  2 goblins
  3 hobgoblins
  8 jackals
  5 quokkas
  3 frilled lizards
  15 kobolds
  3 rats (D:2)
168 creatures vanquished.

Vanquished Creatures (collateral kills)
  A kobold (D:9)
1 creature vanquished.

Vanquished Creatures (others)
  An orc (D:9)
  580 foxfires
581 creatures vanquished.

Grand Total: 750 creatures vanquished

Notes
Turn   | Place    | Note
-------+----------+-------------------------------------------
     0 | D:1      | retardedninja the Gnoll Fire Elementalist began the quest
                  | for the Orb.
     0 | D:1      | Reached XP level 1. HP: 13/13 MP: 6/6
   251 | D:1      | Reached XP level 2. HP: 19/19 MP: 4/7
   259 | D:1      | Learned a level 2 spell: Scorch
   482 | D:1      | Found Haruidoq's Jewellery Boutique.
  1035 | D:1      | Reached skill level 5 in Spellcasting
  1035 | D:1      | Reached XP level 3. HP: 25/25 MP: 5/9
  1192 | D:2      | Reached skill level 1 in Invocations
  1646 | D:2      | Reached skill level 1 in Fighting
  1646 | D:2      | Reached skill level 1 in Short Blades
  1646 | D:2      | Reached skill level 1 in Long Blades
  1646 | D:2      | Reached skill level 1 in Axes
  1646 | D:2      | Reached skill level 1 in Maces & Flails
  1646 | D:2      | Reached skill level 1 in Polearms
  1646 | D:2      | Reached skill level 1 in Staves
  1646 | D:2      | Reached skill level 1 in Ranged Weapons
  1646 | D:2      | Reached skill level 1 in Throwing
  1646 | D:2      | Reached skill level 1 in Armour
  1646 | D:2      | Reached skill level 1 in Shields
  1646 | D:2      | Reached skill level 1 in Unarmed Combat
  1646 | D:2      | Reached skill level 1 in Evocations
  1847 | D:2      | Reached skill level 1 in Hexes
  1847 | D:2      | Reached skill level 1 in Summonings
  1847 | D:2      | Reached skill level 1 in Necromancy
  1847 | D:2      | Reached skill level 1 in Translocations
  1847 | D:2      | Reached skill level 1 in Transmutations
  1847 | D:2      | Reached skill level 1 in Ice Magic
  1847 | D:2      | Reached skill level 1 in Air Magic
  1847 | D:2      | Reached skill level 1 in Earth Magic
  1847 | D:2      | Reached skill level 1 in Poison Magic
  1847 | D:2      | Reached XP level 4. HP: 32/32 MP: 1/11
  1937 | D:2      | Found a faded altar of an unknown god.
  2683 | D:3      | Reached XP level 5. HP: 37/37 MP: 6/12
  3411 | D:3      | Identified the +2 helmet of the Rose {Harm +Inv Int+5}
  4000 | D:4      | Reached XP level 6. HP: 44/44 MP: 8/14
  4177 | D:4      | Reached skill level 5 in Dodging
  4219 | D:4      | Noticed Blork the orc
  4228 | D:4      | Killed Blork the orc
  4534 | D:4      | Reached XP level 7. HP: 51/51 MP: 12/15
  4698 | D:4      | Noticed a wyvern
  4701 | D:4      | Killed a wyvern
  4702 | D:4      | Reached skill level 5 in Stealth
  5014 | D:5      | Entered Level 5 of the Dungeon
  5231 | D:5      | Reached XP level 8. HP: 45/58 MP: 6/16
  6221 | D:5      | Noticed Menkaure
  6227 | D:5      | Killed Menkaure
  6537 | D:5      | Found a staircase to the Ecumenical Temple.
  6601 | Temple   | Entered the Ecumenical Temple
  6788 | Temple   | Became a worshipper of Cheibriados the Contemplative
  6901 | D:5      | Learned a level 4 spell: Flame Wave
  6905 | D:5      | Learned a level 3 spell: Inner Flame
  6976 | D:6      | Found a radiant altar of Vehumet.
  6976 | D:6      | Found a blossoming altar of Fedhas.
  6977 | D:6      | Found a basalt altar of Yredelemnul.
  7045 | D:6      | Reached XP level 9. HP: 37/65 MP: 12/18
  7536 | D:6      | Noticed Sigmund
  7543 | D:6      | Killed Sigmund
  7765 | D:6      | Found a runed translucent door.
  7766 | D:6      | Noticed Crazy Yiuf
  8166 | D:6      | Identified the +0 ring mail "Veocwus" {rPois Int-3 SInv}
  8347 | D:6      | Found Riheppem's Assorted Antiques.
  8518 | D:7      | Reached * piety under Cheibriados
  8723 | D:7      | Reached skill level 5 in Invocations
  9389 | D:8      | Reached ** piety under Cheibriados
  9849 | D:8      | Reached skill level 5 in Fighting
  9849 | D:8      | Reached skill level 5 in Short Blades
  9849 | D:8      | Reached skill level 5 in Long Blades
  9849 | D:8      | Reached skill level 5 in Axes
  9849 | D:8      | Reached skill level 5 in Maces & Flails
  9849 | D:8      | Reached skill level 5 in Polearms
  9849 | D:8      | Reached skill level 5 in Staves
  9849 | D:8      | Reached skill level 5 in Ranged Weapons
  9849 | D:8      | Reached skill level 5 in Throwing
  9849 | D:8      | Reached skill level 5 in Armour
  9849 | D:8      | Reached skill level 5 in Shields
  9849 | D:8      | Reached skill level 5 in Unarmed Combat
  9849 | D:8      | Reached skill level 5 in Evocations
  9856 | D:8      | Reached XP level 10. HP: 66/74 MP: 3/20
 10233 | D:8      | Found a sparkling altar of Nemelex Xobeh.
 10617 | D:9      | Noticed a red ugly thing
 10631 | D:9      | Killed a red ugly thing
 10714 | D:9      | Noticed Psyche
 11114 | D:9      | Slain by Psyche

Illustrated notes

Levels and vault maps discovered:
D:1:      minmay_arrival_arboretum_large, layout_basic, serial_shops,
          shop_fountains
D:2:      layout_basic, nicolae_ecumenical_oubliette, st_stairs_9
D:3:      layout_basic
D:4:      layout_loops_ring, minmay_quantized, uniq_blork_the_orc
D:5:      layout_loops_ring, lemuel_temple_firewalk_b, serial_demonic,
          serial_demonic_c, serial_demonic_a, serial_demonic_d,
          serial_demonic_f, uniq_menkaure
D:6:      layout_loops_cross, chequers_temple_overflow_statue_of_worship,
          serial_shops, shop, kennysheep_generic_room_16,
          uniq_crazy_yiuf_cottage, uniq_sigmund
D:7:      layout_loops_ring
D:8:      layout_basic, nemelex_spade_bored_becter
D:9:      layout_rooms, serial_shops, shop, uniq_psyche
Temple:   minmay_crystal_spiral_temple

Skill      XL: |  1  2  3  4  5  6  7  8  9 10 |
---------------+-------------------------------+-----
Conjurations   | 2 3 4 |  4.9
Spellcasting   | 5 6 7 |  7.3
Invocations    | 1 2 3 4 5 |  5.8
Fighting       | 1 2 3 5 |  5.2
Short Blades   | 1 2 3 5 |  5.2
Long Blades    | 1 2 3 5 |  5.2
Axes           | 1 2 3 5 |  5.2
Maces & Flails | 1 2 3 5 |  5.2
Polearms       | 1 2 3 5 |  5.2
Staves         | 1 2 3 5 |  5.2
Ranged Weapons | 1 2 3 5 |  5.2
Throwing       | 1 2 3 5 |  5.2
Armour         | 1 2 3 5 |  5.2
Shields        | 1 2 3 5 |  5.2
Unarmed Combat | 1 2 3 5 |  5.2
Evocations     | 1 2 3 5 |  5.2
Hexes          | 1 2 3 4 |  4.3
Summonings     | 1 2 3 4 |  4.3
Necromancy     | 1 2 3 4 |  4.3
Translocations | 1 2 3 4 |  4.3
Transmutations | 1 2 3 4 |  4.3
Ice Magic      | 1 2 3 4 |  4.3
Air Magic      | 1 2 3 4 |  4.3
Earth Magic    | 1 2 3 4 |  4.3
Poison Magic   | 1 2 3 4 |  4.3
Dodging        | 5 6 7 |  7.1
Stealth        | 5 6 |  6.8
Fire Magic     | 6 7 |  7.1

Action                     |  1- 3 |  4- 6 |  7- 9 | 10-12 || total
---------------------------+-------+-------+-------+-------++-------
  Melee: Unarmed           |     1 |       |       |     7 ||     8
         Whip              |     4 |       |       |       ||     4
         Spear             |       |     9 |       |       ||     9
         Bite              |       |     1 |     1 |       ||     2
         Punch             |       |     1 |       |       ||     1
         Halberd           |       |       |    12 |       ||    12
   Cast: Foxfire           |    88 |   136 |   127 |    13 ||   364
         Scorch            |     4 |    16 |    37 |     4 ||    61
         Flame Wave        |       |       |     6 |     2 ||     8
  Evoke: Wand              |       |       |       |     5 ||     5
    Use: Scroll            |       |     3 |    14 |     2 ||    19
         Potion            |       |       |       |     1 ||     1
 Armour: Robe              |    11 |    10 |    29 |     6 ||    56
  Dodge: Dodged            |    32 |    26 |    67 |    15 ||   140
